 Dungeon Crawl Stone Soup version 0.29.1-1-gd02db6906a (webtiles) character file.

Game seed: 17694126477763595705

2011 Icepheonix32 the Cleaver (level 9, -1/66 (81) HPs)
             Began as a Minotaur Fighter on Oct 21, 2022.
             Was a Believer of Makhleb.
             Slain by a wight
             ... wielding a +2 hand axe
              (6 damage)
             ... on level 7 of the Dungeon.
             The game lasted 00:08:25 (6191 turns).

Icepheonix32 the Cleaver (Minotaur Fighter)         Turns: 6191, Time: 00:08:26

HP:   -1/66 (81)    AC:  8    Str: 23    XL:     9   Next: 2%
MP:   0/9           EV: 10    Int: 11    God:    Makhleb [**....]
Gold: 408           SH:  5    Dex: 12    Spells: 8/8 levels left

rFire   . . .      SeeInvis .   a - +1 war axe (elec)
rCold   . . .      Faith    .   c - +0 buckler
rNeg    . . .      Spirit   +   b - +1 scale mail
rPois   .          Reflect  .   (helmet restricted)
rElec   .          Harm     .   (no cloak)
rCorr   .          Rampage  .   (no gloves)
Will    .....                   (no boots)
Stlth   ..........              f - amulet of guardian spirit
HPRegen 0.21/turn               k - +6 ring of intelligence
MPRegen 0.11/turn               (no ring)

@: mighty, heavily drained
A: horns 2, retaliatory headbutt, talons 1, screaming 2, wild magic 3
a: Renounce Religion, Minor Destruction


You were on level 7 of the Dungeon.
You worshipped Makhleb.
Makhleb was pleased with you.
You visited 2 branches of the dungeon, and saw 8 of its levels.

You collected 408 gold pieces.

Inventory:

Hand Weapons
 a - a +1 war axe of electrocution (weapon)
 q - a +1 hand axe of freezing
 u - a +0 spear
Missiles
 d - a throwing net (quivered)
 w - 3 boomerangs
Armour
 b - a +1 scale mail (worn)
 c - a +0 buckler (worn)
Jewellery
 f - an amulet of guardian spirit (around neck)
 i - a ring of fire
 k - a +6 ring of intelligence (left hand)
 p - the ring of Vextox {rF+ rCorr Int+4 Slay+3}
   (You found it on level 3 of the Dungeon)

   [ring of resist corrosion]

   Int:       It affects your intelligence (+4).
   Slay:      It affects your accuracy & damage with ranged weapons and melee
   (+3).
   rF:        It protects you from fire.
   rCorr:     It protects you from acid and corrosion.
Wands
 s - a wand of polymorph (8)
 x - a wand of paralysis (8)
Scrolls
 g - a scroll of blinking
 j - a scroll of immolation
 n - 3 scrolls of poison
 t - a scroll of teleportation
 v - a scroll of identify
Potions
 e - a potion of degeneration {unknown}
 h - 2 potions of curing
 l - a potion of magic
 r - a potion of attraction


   Skills:
 + Level 7.9 Fighting
 + Level 9.3 Axes
 + Level 6.9 Armour
 + Level 2.8 Dodging
 + Level 0.2 Stealth
 + Level 5.1 Shields
 * Level 2.2 Invocations


You had 8 spell levels left.
You didn't know any spells.
Your spell library contained the following spells:

 Spells                   Type           Power      Damage    Failure   Level
 Static Discharge         Conj/Air       0%         3-3/arc   96%         2
 Frozen Ramparts          Ice            0%         1d1       99%         3
 Ice Form                 Ice/Tmut       0%         N/A       100%        4
 Summon Ice Beast         Ice/Summ       0%         N/A       100%        4
 Lightning Bolt           Conj/Air       0%         1d11      100%        5
 Maxwell's Capacitive Co  Air            0%         ∞         100%        8


Dungeon Overview and Level Annotations

Branches:
Dungeon (7/15)             Temple (1/1) D:4

Altars:
Ashenzari
Dithmenos
Elyvilon
Gozag
Makhleb
Ru
Trog
Uskayaw
Vehumet
Wu Jian
Xom
The Shining One

Shops:
D:2 (


Innate Abilities, Weirdness & Mutations

You have a pair of horns on your head.
You reflexively headbutt those who attack you in melee.
You have sharp toenails.
You frequently scream uncontrollably at your foes.
Your spells are much harder to cast, but much more powerful.


Message History

You block the wight's attack. x2
Unknown command.
You feel much better.
The wight hits you with a +0 long sword.
The wight hits you with a +4 great sword!
* * * LOW HITPOINT WARNING * * *
You feel drained.
* * * LOW HITPOINT WARNING * * *
The wight hits you but does no damage.
You slash the wight!
You destroy the wight!
Makhleb accepts your kill.
You closely miss the wight. You hit the wight. You slash the wight!
The wight closely misses you. The wight completely misses you.
The wight hits you with a +2 hand axe!
* * * LOW HITPOINT WARNING * * *
You have reached level 9!
Your experience leads to an increase in your attributes!
Your base attributes are Str 21, Int 5, Dex 12.
Increase (S)trength, (I)ntelligence, or (D)exterity?
You feel stronger. x2
Unknown command.
You hit the wight. Lightning courses through the wight!!
You destroy the wight!
Makhleb accepts your kill.
You can now harness Makhleb's destructive might.
You completely miss the wight. You slash the wight!
You block the wight's attack. The wight hits you with a +2 hand axe!
* * * LOW HITPOINT WARNING * * *
You feel drained.
* * * LOW HITPOINT WARNING * * *
You slash the wight! Your kick misses the wight.
The wight is severely damaged.
You hit the wight. Lightning courses through the wight!
You destroy the wight!
Makhleb accepts your kill.
You feel better.
A wight comes into view. It is wielding a +4 dire flail.
The wight hits you with a +2 hand axe.
You die...

.. ###. .....
..# ..... ..# ..
....z ..##..
###.#.#####....#
......z).......+
##.#.)@?......#
......)........+
....#.##.......#
### #. #.......#
# ###.....#
#.##### #<#
...............
##.####.#.#####


You could see 2 wights.

Vanquished Creatures
  3 ice beasts
  2 black bears
  2 ogres (D:5)
  A centaur (D:6)
  A kobold brigand (D:5)
  A gnoll sergeant (D:6)
  3 scorpions
  3 wights (D:7)
  A howler monkey (D:6)
  3 hounds (D:5)
  2 jellies
  2 gnoll boudas
  An orc priest (D:6)
  4 iguanas
  4 orc wizards
  14 gnolls
  12 adders
  A white imp (D:6)
  5 worms
  11 dart slugs (D:3)
  16 orcs
  6 endoplasms
  4 giant cockroaches
  5 goblins
  5 hobgoblins
  6 jackals
  12 kobolds
  2 quokkas (D:3)
  13 ball pythons
  6 bats
  2 frilled lizards
  5 rats
158 creatures vanquished.

Notes
Turn   | Place    | Note
-------+----------+-------------------------------------------
     0 | D:1      | Icepheonix32 the Minotaur Fighter began the quest for the
                  | Orb.
     0 | D:1      | Reached XP level 1. HP: 19/19 MP: 0/0
   152 | D:1      | Reached XP level 2. HP: 25/27 MP: 1/1
  1081 | D:2      | Reached XP level 3. HP: 21/33 MP: 2/2
  1302 | D:2      | Found a faded altar of an unknown god.
  1406 | D:2      | Reached skill level 1 in Dodging
  1484 | D:2      | Reached XP level 4. HP: 30/41 MP: 0/3
  1690 | D:2      | Found Hiddud's Weapon Emporium.
  1849 | D:2      | Reached skill level 3 in Axes
  2291 | D:3      | You fall into a shaft and drop 3 floors!
  2308 | D:6      | Noticed a scorpion
  2312 | D:6      | Reached XP level 5. HP: 47/47 MP: 4/4
  2314 | D:6      | Reached skill level 5 in Fighting
  2314 | D:6      | Reached skill level 4 in Axes
  2320 | D:6      | Reached skill level 5 in Armour
  2323 | D:6      | Reached XP level 6. HP: 35/56 MP: 5/5
  2358 | D:5      | Entered Level 5 of the Dungeon
  2363 | D:5      | Reached skill level 5 in Axes
  3000 | D:3      | Found a shimmering altar of Xom.
  3003 | D:3      | Found a shimmering altar of Xom.
  3005 | D:3      | Found a shimmering altar of Xom.
  3006 | D:3      | Found a shimmering altar of Xom.
  3310 | D:3      | Identified the ring of Vextox {rF+ rCorr Int+4 Slay+3}
  3367 | D:4      | Reached XP level 7. HP: 59/62 MP: 4/6
  3549 | D:4      | Found a staircase to the Ecumenical Temple.
  3559 | Temple   | Entered the Ecumenical Temple
  3607 | Temple   | Became a worshipper of Makhleb the Destroyer
  3868 | D:5      | Reached skill level 6 in Axes
  4265 | D:5      | Reached skill level 7 in Axes
  4448 | D:5      | Reached XP level 8. HP: 73/73 MP: 5/7
  4709 | D:5      | Reached * piety under Makhleb
  5100 | D:5      | Gained mutation: You occasionally shout uncontrollably at
                  | your foes. [potion of mutation]
  5100 | D:5      | Gained mutation: You expend magic power (3 MP) to
                  | strengthen your wands. [potion of mutation]
  5100 | D:5      | Gained mutation: You are clumsy. (Dex -2) [potion of
                  | mutation]
  5100 | D:5      | Gained mutation: Your spells are a little harder to cast,
                  | but a little more powerful. [potion of mutation]
  5223 | D:6      | Reached skill level 8 in Axes
  5319 | D:6      | Reached skill level 1 in Invocations
  5411 | D:6      | Found a hide-covered altar of Uskayaw.
  5436 | D:6      | Reached skill level 5 in Shields
  5568 | D:6      | Reached skill level 9 in Axes
  6058 | D:6      | Lost mutation: You are clumsy. (Dex -2) [potion of
                  | mutation]
  6058 | D:6      | Lost mutation: You expend magic power (3 MP) to strengthen
                  | your wands. [potion of mutation]
  6058 | D:6      | Gained mutation: Your spells are harder to cast, but more
                  | powerful. [potion of mutation]
  6058 | D:6      | Gained mutation: You have sharp toenails. [potion of
                  | mutation]
  6058 | D:6      | Gained mutation: You frequently scream uncontrollably at
                  | your foes. [potion of mutation]
  6058 | D:6      | Gained mutation: Your spells are much harder to cast, but
                  | much more powerful. [potion of mutation]
  6187 | D:7      | HP: 1/61 [wight/+4 great sword (7)]
  6190 | D:7      | Reached XP level 9. HP: 9/66 MP: 0/9
  6190 | D:7      | Reached ** piety under Makhleb
  6191 | D:7      | Slain by a wight

Illustrated notes

Levels and vault maps discovered:
D:1:      ncdulo_halloftheorcs, layout_basic
D:2:      layout_loops_cross, serial_shops, nicolae_shop_window_shopping,
          shapermc_ecumenical_altar_hornbeckon, st_stairs_1, skrybe_limestone_x,
          minivault_25
D:3:      kennysheep_slugbush, layout_loops_ring, xom_redecorated,
          minmay_fountain_box, st_stairs_1
D:4:      layout_loops_ring, temple_green
D:5:      layout_loops_ring, minmay_fractal_squares_5
D:6:      layout_cave_pools, eat_drink_and_be_merry_uskayaw
D:7:      layout_basic, mainiacjoe_overflow_six_doors_small,
          nemelex_dance_club_becter, dreamdust_gnoll_shepherd,
          uniq_prince_ribbit1
Temple:   nicolae_temple_ecumenical_triangle

Skill      XL: |  1  2  3  4  5  6  7  8 |
---------------+-------------------------+-----
Fighting       | 4 5 7 |  7.9
Shields        | 4 5 |  5.1
Armour         | 4 5 6 |  6.9
Dodging        | 1 2 |  2.8
Axes           | 3 4 5 7 9 |  9.3
Invocations    | 2 |  2.2
Stealth        | |  0.2

Action                   |  1- 3 |  4- 6 |  7- 9 || total
-------------------------+-------+-------+-------++-------
Melee: War axe           |    85 |    87 |   155 ||   327
       Headbutt          |    12 |    14 |    24 ||    50
Evoke: Wand              |       |       |     1 ||     1
  Use: Scroll            |     7 |     6 |     1 ||    14
       Potion            |     1 |     1 |     9 ||    11
Armor: Scale mail        |    46 |    37 |    75 ||   158
       Skin              |       |       |     1 ||     1
Dodge: Dodged            |    37 |    38 |    78 ||   153
Block: Buckler           |    26 |    11 |    50 ||    87
